cohdb
Replays
Latest Replays
All Replays
Popular Replays
Top Player Replays
Match Explorer
How It Works
Community
CoH3 Stats
Reddit
Sign in to upload your games and track your stats! →
Sign in with Steam
Match 45436819
Unlisted
Match 45436819
Overview
Messages
Build Orders
End
Kettenkrad Recon Vehicle
Construct Infanterie Kompanie
MG 42 Machine Gun Team
MG 42 Machine Gun Team
Grenadier Squad
Selects Breakthrough Battlegroup
Grenadier Squad
Construct Panzergrenadier Kompanie
MG 42 Bunker
Panzergrenadier Squad
251 Medium Carrier
Selects Assault Grenadiers
Selects Smoke Bombing Run
Selects Incendiary Bombing Run
MG 42 Bunker
Selects Incendiary Bombing Run
Pak 40 Anti-tank Gun Team
Pak 40 Anti-tank Gun Team
Support Elements
Panzergrenadier Officer Quarters
Pioneer Squad
Pioneer Squad
Selects 2.5-tonne Cargo Truck
Medical Station
StuG III G Assault Gun
StuG III G Assault Gun
Incendiary Bombing Run
Incendiary Bombing Run
Ben.SEZ
Patrick
Master
KOCATEPE
KoGZa
osamhx789
Viktoria Silverbrett
moaz
0
0
Comments
sign in to comment!
No comments posted yet!